 Dungeon Crawl Stone Soup version 0.30-a0-591-g3c58d2bc28 (webtiles) character file.

Game seed: 4914603372071701631

909 Dirtsage the Changer (level 8, -5/57 HPs)
             Began as an Octopode Transmuter on Jan 4, 2023.
             Slain by a wraith (10 damage)
             ... in an ossuary.
             The game lasted 00:11:43 (3908 turns).

Dirtsage the Changer (Octopode Transmuter)          Turns: 3908, Time: 00:11:43

Health: -5/57      AC:  9    Str:  9    XL:     8   Next: 8%
Magic:  17/18      EV: 10    Int: 23    God:
Gold:   217        SH:  0    Dex: 13    Spells: 4/11 levels left

rFire   . . .      SeeInvis .      - Unarmed
rCold   + + +      Faith    .    (shield currently unavailable)
rNeg    . . .      Spirit   .    (helmet currently unavailable)
rPois   +          Reflect  .    (no amulet)
rElec   .          Harm     .    F - ring of protection from fire
rCorr   .          Rampage  .    l - +6 ring of intelligence
Will    .....                    r - ring of magical power
Stlth   +                        (no ring)
HPRegen 0.29/turn                (no ring)
MPRegen 0.16/turn                (no ring)
                                 (no ring)
                                 (no ring)

@: ice-form, slowed, very slow
A: freezing attack, boosted hp, almost no armour, amphibious, 8 rings, large,
(camouflage 1), (gelatinous body 1), (nimble swimmer 1), (tentacles), low MP 1,
wild magic 1
a: End Transformation


You were in an ossuary.
You were a creature of crystalline ice.
You visited 1 branch of the dungeon, and saw 5 of its levels.
You also visited: Ossuary.

You collected 217 gold pieces.

Inventory:

Missiles
 t - a throwing net
Magical Staves
 b - a staff of air
Jewellery
 l - a +6 ring of intelligence (right front paw)
 r - a ring of magical power (on tentacle)
 F - a ring of protection from fire (left front paw)
Wands
 p - a wand of iceblast (5)
Scrolls
 c - 3 scrolls of teleportation {unknown}
 e - 3 scrolls of immolation {unknown}
 f - a scroll of noise {unknown}
 g - 2 scrolls of identify {unknown}
 j - a scroll of butterflies {unknown}
 k - 2 scrolls of poison {unknown}
 n - a scroll of magic mapping {unknown}
 o - a scroll of fear {unknown}
 q - a scroll of enchant weapon {unknown}
Potions
 a - 4 potions of lignification
 d - a potion of might
 h - a potion of brilliance {unknown}
 i - a potion of invisibility


   Skills:
 - Level 1.0 Fighting
 - Level 2.0 Dodging
 - Level 3.0 Unarmed Combat
 - Level 2.0 Spellcasting
 * Level 6.6 Transmutations
 * Level 6.1 Ice Magic


You had 4 spell levels left.
You knew the following spells:

 Your Spells              Type           Power      Damage    Failure   Level
a - Beastly Appendage     Tmut           84%        N/A       1%          1
b - Wereblood             Tmut           42%        N/A       2%          2
c - Ice Form              Ice/Tmut       41%        N/A       14%         4

Your spell library contained the following spells:

 Spells                   Type           Power      Damage    Failure   Level
 Spider Form              Tmut/Pois      22%        N/A       14%         3
 Kiss of Death            Conj/Necr      8%         2d6       19%         1
 Magic Dart               Conj           8%         1d3       19%         1
 Searing Ray              Conj           4%         2d4       26%         2
 Confusing Touch          Hex            2%         N/A       45%         3
 Airstrike                Air            1%         2d(1-17)  83%         4
 Dispel Undead            Necr           2%         3d7       83%         4
 Fulminant Prism          Conj/Hex       1%         3d5       83%         4
 Summon Lightning Spire   Summ/Air       2%         N/A       83%         4
 Lightning Bolt           Conj/Air       1%         1d12      99%         5


Dungeon Overview and Level Annotations

Branches:
Dungeon (5/15)             Temple (0/1) D:5         Ossuary (1/1)

Altars:
Dithmenos
Elyvilon
Gozag
Okawaru
Wu Jian


Innate Abilities, Weirdness & Mutations

You are a creature of crystalline ice.
You have a powerful freezing melee attack.
Your maximum health is increased.
Your armour is entirely melded.
You are incapable of wielding weapons or throwing items.
You cannot wear most types of armour.
You are amphibious.
You can wear up to eight rings at the same time.
((Your skin changes colour to match your surroundings (Stealth+).))
((Your rubbery body absorbs attacks. (AC +1, EV +1)))
((You are camouflaged when in or above water. (Stealth+)))
((You have tentacles for arms and can constrict up to eight enemies at once.))
Your magical capacity is low. (-10% MP)
Your spells are a little harder to cast, but a little more powerful.


Message History

You hit the wraith but do no damage.
The wraith is severely damaged.
The wraith hits you.
You take 6 damage, and have 32/57 hp.
You hit the wraith.
The wraith is severely damaged.
The wraith hits you! The wraith drains your vigour!
You feel yourself slow down.
You take 9 damage, and have 23/57 hp.
You hit the wraith.
The wraith is severely damaged.
The wraith barely misses you. x2
You hit the wraith but do no damage.
The wraith is severely damaged.
The wraith hits you!
* * * LOW HITPOINT WARNING * * *
You take 9 damage, and have 15/57 hp.
You hit the wraith but do no damage.
The wraith is severely damaged.
The wraith hits you.
* * * LOW HITPOINT WARNING * * *
The wraith hits you.
* * * LOW HITPOINT WARNING * * *
The wraith drains your vigour!
You feel as though you will be slow longer.
You take 8 damage, and have 7/57 hp.
You hit the wraith but do no damage.
The wraith is severely damaged.
The wraith barely misses you.
You hit the wraith.
The wraith is severely damaged.
The wraith hits you but does no damage. The wraith hits you.
* * * LOW HITPOINT WARNING * * *
The wraith drains your vigour!
You feel as though you will be slow longer.
You take 4 damage, and have 4/57 hp.
You hit the wraith but do no damage.
The wraith is severely damaged.
The wraith hits you!
You die...

...................
......# #.........
......# #.......####
..8...# #...8....'.# .#
......###.......####..#
......................#
.#.#..#.#..#.#........#
.#+#..#+#..#'#..####..#
.# #..# #..#.#..YW!# .#
.# #..# #..###..#### ..
.... .........
..................
#################


You could see a wraith.

Vanquished Creatures
  A water moccasin (D:4)
  An orc warrior (D:5)
  A black bear (D:5)
  An ogre (D:4)
  An elf zombie (Ossuary)
  A scorpion (D:5)
  A jelly (D:4)
  2 gnoll boudas
  Jessica (D:2)
  3 orc wizards (D:5)
  A mummy (D:5)
  9 gnolls
  2 shadow imps (D:5)
  3 dart slugs
  6 orcs (D:5)
  10 endoplasms
  6 giant cockroaches
  7 goblins
  10 hobgoblins
  10 kobolds
  5 quokkas
  6 ball pythons
  2 bats
  7 frilled lizards
  5 goblin zombies (Ossuary)
  3 hobgoblin zombies (Ossuary)
  2 orc zombies
  3 rats (D:1)
110 creatures vanquished.

Notes
Turn   | Place    | Note
-------+----------+-------------------------------------------
     0 | D:1      | Dirtsage the Octopode Transmuter began the quest for the
                  | Orb.
     0 | D:1      | Reached XP level 1. HP: 13/13 MP: 3/3
    84 | D:1      | Reached skill level 1 in Ice Magic
    84 | D:1      | Reached XP level 2. HP: 10/18 MP: 3/5
    87 | D:1      | Learned a level 2 spell: Wereblood
   382 | D:1      | Reached XP level 3. HP: 23/23 MP: 6/6
  1190 | D:2      | Noticed Jessica
  1195 | D:2      | Killed Jessica
  1196 | D:2      | Reached XP level 4. HP: 23/28 MP: 5/7
  1233 | D:2      | Found a faded altar of an unknown god.
  1697 | D:3      | Found an opulent altar of Gozag.
  2286 | D:3      | Learned a level 4 spell: Ice Form
  2360 | D:3      | Found an iron altar of Okawaru.
  2378 | D:3      | Reached XP level 5. HP: 32/33 MP: 4/8
  2585 | D:4      | Noticed a water moccasin
  2593 | D:4      | Killed a water moccasin
  2594 | D:4      | Reached XP level 6. HP: 38/38 MP: 9/9
  2628 | D:4      | Found an ornate altar of the Wu Jian Council.
  2803 | D:4      | Found a white marble altar of Elyvilon.
  2970 | D:4      | Found a shadowy altar of Dithmenos.
  3081 | D:4      | Reached skill level 5 in Transmutations
  3142 | D:4      | Reached XP level 7. HP: 43/43 MP: 10/10
  3268 | D:5      | Entered Level 5 of the Dungeon
  3307 | D:5      | Reached skill level 5 in Ice Magic
  3308 | D:5      | Gained mutation: Your magical capacity is low. (-10% MP)
                  | [potion of mutation]
  3308 | D:5      | Gained mutation: Your spells are a little harder to cast,
                  | but a little more powerful. [potion of mutation]
  3514 | D:5      | Found a staircase to the Ecumenical Temple.
  3700 | D:5      | Found a sand-covered staircase.
  3710 | Ossuary  | Entered an ossuary
  3710 | Ossuary  | Noticed a wraith
  3710 | Ossuary  | Noticed a wraith
  3710 | Ossuary  | Noticed a wraith
  3824 | Ossuary  | Reached XP level 8. HP: 48/48 MP: 9/9
  3893 | Ossuary  | Noticed a wraith
  3908 | Ossuary  | Slain by a wraith

Illustrated notes

Levels and vault maps discovered:
D:1:      dpeg_arrival_stone_temple_mockup, layout_basic, skrybe_limestone_x
D:2:      layout_basic, chequers_ecumenical_altar_simple, minmay_pentomino_s4,
          uniq_jessica
D:3:      layout_basic, mainiacjoe_overflow_small_starburst,
          okawaru_altar_gauntlet_db
D:4:      layout_loops_ring, pdpol_wu_jian_five_deadly_venoms,
          nicolae_elyvilon_peaceful_grove, mainiacjoe_overflow_cross_hatched
D:5:      layout_loops_ring, lemuel_zombie_altar_kikubaaqudgha,
          lemuel_temple_firewalk_a, nicolae_ossuary_entry_giza, minmay_bent
Ossuary:  ossuary_kennysheep_city_of_the_dead

Skill      XL: |  1  2  3  4  5  6  7 |
---------------+----------------------+-----
Ice Magic      | 1 2 3 4 6 |  6.1
Transmutations | 3 4 5 6 |  6.6
Fighting       | |  1.0
Dodging        | |  2.0
Unarmed Combat | |  3.0
Spellcasting   | |  2.0

Action                   |  1- 3 |  4- 6 |  7- 9 || total
-------------------------+-------+-------+-------++-------
Melee: Unarmed           |    84 |    96 |   107 ||   287
       Constrict         |    16 |    17 |     1 ||    34
       Tentacles         |    19 |    13 |       ||    32
       Kick              |    10 |     8 |       ||    18
       Punch             |     4 |     1 |       ||     5
 Cast: Beastly Appendage |    10 |     9 |       ||    19
       Ice Form          |       |     5 |     7 ||    12
Evoke: Wand              |       |     1 |       ||     1
  Use: Potion            |       |       |     7 ||     7
 Stab: Sleeping          |     6 |     7 |       ||    13
       Invisible         |       |       |     1 ||     1
Armor: Skin              |     6 |    13 |    40 ||    59
Dodge: Dodged            |    41 |    32 |    46 ||   119

Table legend: (Time is in decaauts)
 A = Elapsed time spent in this place.
 B = Non-inter-level travel time spent in this place.
 C = Inter-level travel time spent in this place.
 D = Time resting spent in this place.
 E = Time spent auto-exploring this place.
 F = Levels seen in this place.
 G = Mean time per level.
                   A        B        C        D        E       F      G
               +--------+--------+--------+--------+--------+-----+--------+
         Total |   3895 |   3749 |    146 |     64 |   2781 |   6 |  649.2 |
       Dungeon |   3694 |   3548 |    146 |     64 |   2675 |   5 |  738.8 |
       Ossuary |    200 |    200 |      0 |      0 |    106 |   1 |  200.0 |
               +--------+--------+--------+--------+--------+-----+--------+

Top non-repeatable levels by time:
     D:3: 963 daAuts
     D:1: 942 daAuts
     D:4: 928 daAuts
     D:2: 540 daAuts
     D:5: 319 daAuts
 Ossuary: 200 daAuts
